 Dungeon Crawl Stone Soup version 0.28-a0-1510-gd0f6b136d3 (webtiles) character file.

Game seed: 14186674292957735273

6685 Gargoyl the Fighter (level 11, -1/87 HPs)
             Began as a Gnoll Abyssal Knight on Jan 15, 2022.
             Was an Elder of Lugonu.
             Slain by Grum (4 damage)
             ... on level 8 of the Dungeon.
             The game lasted 00:11:22 (5941 turns).

Gargoyl the Fighter (Gnoll Abyssal Knight)          Turns: 5941, Time: 00:11:23

Health: -1/87      AC: 16    Str: 19    XL:     11   Next: 3%
Magic:  19/19      EV:  8    Int:  9    God:    Lugonu [****..]
Gold:   50         SH:  0    Dex: 15    Spells: 21/21 levels left

rFire   . . .      SeeInvis +   d - +7 battleaxe (vorpal)
rCold   . . .      Faith    .   (shield currently unavailable)
rNeg    . . .      Spirit   .   z - +0 plate armour
rPois   .          Reflect  .   (no helmet)
rElec   .          Harm     .   (no cloak)
rCorr   .          Rampage  .   l - +0 pair of gloves
Will    .....                   g - +0 pair of boots
Stlth   ..........              h - amulet of regeneration
HPRegen 1.04/turn               o - ring of see invisible
MPRegen 0.16/turn               (no ring)

@: no status effects
A: fangs 2, strong nose, distributed training, agile 1, strong 1
a: Renounce Religion, Depart the Abyss, Bend Space, Banish, Corrupt


You were on level 8 of the Dungeon.
You worshipped Lugonu.
Lugonu was greatly pleased with you.
You visited 1 branch of the dungeon, and saw 8 of its levels.
You visited the Abyss 1 time.

You collected 264 gold pieces.
You spent 214 gold pieces at shops.

Inventory:

Hand Weapons
 a - a +2 hand axe
 d - a +7 vorpal battleaxe (weapon)
 x - a +4 war axe
Missiles
 i - 21 poisoned darts (quivered)
 v - a throwing net
Armour
 g - a +0 pair of boots (worn)
 l - a +0 pair of gloves (worn)
 z - a +0 plate armour (worn)
Jewellery
 h - an amulet of regeneration (around neck)
 n - an amulet of reflection
 o - a ring of see invisible (left hand)
 y - an amulet of magic regeneration
Wands
 b - a wand of flame (23)
 s - a wand of acid (14)
 u - a wand of digging (4)
Scrolls
 k - a scroll of magic mapping
 p - a scroll of fog
 q - a scroll of identify
 w - a scroll of enchant weapon
Potions
 c - a potion of might
 e - a potion of ambrosia
 f - 2 potions of flight
 j - 6 potions of curing
 m - a potion of haste
 r - a potion of degeneration {unknown}


   Skills:
 + Level 8.9 Fighting
 + Level 5.8 Short Blades
 + Level 5.8 Long Blades
 + Level 7.5 Axes
 + Level 5.8 Maces & Flails
 + Level 5.8 Polearms
 + Level 5.8 Staves
 + Level 5.8 Slings
 + Level 5.8 Bows
 + Level 5.8 Crossbows
 + Level 5.8 Throwing
 + Level 7.5 Armour
 + Level 6.4 Dodging
 + Level 5.8 Stealth
 + Level 5.8 Shields
 + Level 5.8 Unarmed Combat
 + Level 5.8 Spellcasting
 + Level 4.8 Conjurations
 + Level 4.8 Hexes
 + Level 4.8 Summonings
 + Level 4.8 Necromancy
 + Level 4.8 Translocations
 + Level 4.8 Transmutations
 + Level 4.8 Fire Magic
 + Level 4.8 Ice Magic
 + Level 4.8 Air Magic
 + Level 4.8 Earth Magic
 + Level 4.8 Poison Magic
 + Level 8.0 Invocations
 + Level 5.8 Evocations


You had 21 spell levels left.
You didn't know any spells.
Your spell library contained the following spells:

 Spells                   Type           Power      Damage    Failure   Level
 Static Discharge         Conj/Air       11%        N/A       73%         2
 Sublimation of Blood     Necr           11%        N/A       73%         2
 Dispel Undead            Necr           11%        3d9       100%        4
 Petrify                  Tmut/Erth      11%        N/A       100%        4
 Sticky Flame             Conj/Fire      11%        2d3       100%        4
 Irradiate                Conj/Tmut      5%         3d15      100%        5


Dungeon Overview and Level Annotations

Branches:
Dungeon (8/15)             Temple (0/1) D:6
   Lair: D:8-11

Altars:

Shops:
D:1 (*?   D:3 (   D:4 !   D:7 **!(!

Annotations:
D:8 Grum


Innate Abilities, Weirdness & Mutations

You have extremely sharp teeth.
Your uncanny sense of smell can sniff out nearby items.
Your experience applies equally to all skills.
You are agile. (Dex +2)
Your muscles are strong. (Str +2)


Message History

Grum hits you with a -2 vorpal halberd! The orc hits you with a +0 trident.
Items here: ( ))) [[ ††.
Unknown command.
You barely miss the orc. You completely miss Grum. Grum closely misses you.
The orc completely misses you. Grum misses you.
The orc hits you with a +0 trident.
Unknown command.
You barely miss the orc. You slash Grum!
Grum hits you with a -2 vorpal halberd. The orc closely misses you.
You hit the orc.
The orc is moderately wounded.
You barely miss Grum. Grum hits you with a -2 vorpal halberd.
The orc hits you with a +0 trident.
Unknown command.
You slash the orc!
You kill the orc!
Lugonu accepts your kill.
You closely miss Grum. Grum hits you with a -2 vorpal halberd!
* * * LOW HITPOINT WARNING * * *
x2 The centaur zombie hits you but does no damage.
The centaur zombie kicks you but does no damage.
Grum barely misses you.
You slice the centaur zombie!!
You bite the centaur zombie, but do no damage.
The centaur zombie is almost destroyed.
You hit Grum.
The centaur zombie hits you but does no damage.
The centaur zombie kicks you but does no damage.
Grum hits you with a -2 vorpal halberd!
* * * LOW HITPOINT WARNING * * *
x2 The centaur zombie hits you but does no damage.
The centaur zombie kicks you but does no damage.
You feel much better. Grum hits you with a -2 vorpal halberd!
* * * LOW HITPOINT WARNING * * *
x2 The centaur zombie hits you but does no damage.
The centaur zombie kicks you but does no damage.
Unknown command.
Grum hits you from afar with a -2 vorpal halberd!
* * * LOW HITPOINT WARNING * * *
You die...

.........
........#
.........
........#
........#
........#
......g)# #Z#
#@# #.# #.##
##.### ##..##
###.####
##.##.##
##.##.#######
#..##.......#


You could see Grum and a centaur zombie.

Vanquished Creatures
  20 yaks
  7 humans (D:8)
  A steam dragon (D:6)
  A sky beast (D:4)
  An orc warrior (D:5)
  An ice beast (D:7)
  A necrophage (D:6)
  4 ogres
  2 wolves (D:8)
  2 centaurs
  A bullfrog (D:7)
  Blork the orc (D:4)
  4 scorpions
  A howler monkey (D:5)
  4 wights (D:7)
  6 hounds
  A bullfrog zombie (D:7)
  A bullfrog skeleton (D:5)
  A centaur zombie (D:5)
  2 orc priests
  2 gnoll shamans
  2 jellies (D:4)
  3 iguanas
  4 orc wizards
  A killer bee zombie (D:7)
  A hound zombie (D:5)
  A hound skeleton (D:5)
  14 gnolls
  A howler monkey skeleton (D:5)
  5 adders
  A shadow imp (D:5)
  A white imp (D:7)
  An ufetubus (D:5)
  An adder skeleton (D:4)
  3 worms
  A dart slug (D:1)
  9 orcs
  3 bats
  2 endoplasms
  3 giant cockroaches
  5 goblins
  3 hobgoblins
  4 jackals (D:8)
  2 quokkas (D:1)
  5 ball pythons
  3 frilled lizards (D:1)
  2 kobolds
  4 rats
149 creatures vanquished.

Vanquished Creatures (collateral kills)
  A human (D:8)
1 creature vanquished.

Vanquished Creatures (others)
  An adder (D:6)
  3 fungi (D:1)
  8 plants (D:1)
12 creatures vanquished.

Grand Total: 162 creatures vanquished

Notes
Turn   | Place    | Note
-------+----------+-------------------------------------------
     0 | Abyss:1  | Gargoyl the Gnoll Abyssal Knight began the quest for the
                  | Orb.
     0 | Abyss:1  | Reached XP level 1. HP: 23/23 MP: 3/3
     1 | D:1      | Escaped the Abyss
    59 | D:1      | Found Bosij's Weapon Boutique.
    76 | D:1      | Found Vuoleawo's Assorted Antiques.
   184 | D:1      | Found Caebuc's Magic Scroll Emporium.
   187 | D:1      | Reached XP level 2. HP: 27/29 MP: 5/5
   913 | D:1      | Found a faded altar of an unknown god.
  1155 | D:2      | Reached XP level 3. HP: 35/35 MP: 6/6
  1288 | D:2      | Reached * piety under Lugonu
  1643 | D:3      | Found Molaug's Weapon Shoppe.
  1785 | D:3      | Reached skill level 1 in Short Blades
  1785 | D:3      | Reached skill level 1 in Long Blades
  1785 | D:3      | Reached skill level 1 in Maces & Flails
  1785 | D:3      | Reached skill level 1 in Polearms
  1785 | D:3      | Reached skill level 1 in Staves
  1785 | D:3      | Reached skill level 1 in Slings
  1785 | D:3      | Reached skill level 1 in Bows
  1785 | D:3      | Reached skill level 1 in Crossbows
  1785 | D:3      | Reached skill level 1 in Throwing
  1785 | D:3      | Reached skill level 1 in Stealth
  1785 | D:3      | Reached skill level 1 in Shields
  1785 | D:3      | Reached skill level 1 in Unarmed Combat
  1785 | D:3      | Reached skill level 1 in Spellcasting
  1785 | D:3      | Reached skill level 1 in Evocations
  1821 | D:2      | Reached XP level 4. HP: 34/41 MP: 7/7
  1951 | D:3      | Reached skill level 1 in Conjurations
  1951 | D:3      | Reached skill level 1 in Hexes
  1951 | D:3      | Reached skill level 1 in Summonings
  1951 | D:3      | Reached skill level 1 in Necromancy
  1951 | D:3      | Reached skill level 1 in Translocations
  1951 | D:3      | Reached skill level 1 in Transmutations
  1951 | D:3      | Reached skill level 1 in Fire Magic
  1951 | D:3      | Reached skill level 1 in Ice Magic
  1951 | D:3      | Reached skill level 1 in Air Magic
  1951 | D:3      | Reached skill level 1 in Earth Magic
  1951 | D:3      | Reached skill level 1 in Poison Magic
  2476 | D:4      | Gained mutation: You are agile. (Dex +2) [potion of
                  | mutation]
  2476 | D:4      | Gained mutation: Your muscles are strong. (Str +2) [potion
                  | of mutation]
  2476 | D:4      | Gained mutation: You have extremely sharp teeth. [potion of
                  | mutation]
  2566 | D:4      | Found Gotep's Distillery.
  2571 | D:4      | Bought a potion of heal wounds for 55 gold pieces
  2571 | D:4      | Bought a potion of curing for 33 gold pieces
  2571 | D:4      | Bought a potion of curing for 33 gold pieces
  2571 | D:4      | Bought a potion of curing for 33 gold pieces
  2588 | D:4      | Noticed a yak
  2588 | D:4      | Noticed a yak
  2588 | D:4      | Noticed a yak
  2589 | D:4      | Noticed Blork the orc
  2589 | D:4      | Noticed a yak
  2589 | D:4      | Noticed a yak
  2608 | D:4      | Noticed a yak
  2616 | D:5      | Entered Level 5 of the Dungeon
  2634 | D:5      | Killed a yak
  2635 | D:5      | Reached skill level 5 in Invocations
  2635 | D:5      | Reached XP level 5. HP: 28/47 MP: 8/8
  2635 | D:5      | Reached XP level 6. HP: 32/53 MP: 9/9
  2691 | D:4      | Reached skill level 5 in Axes
  2691 | D:4      | Reached skill level 5 in Armour
  2792 | D:4      | Noticed a sky beast
  2807 | D:4      | Killed a sky beast
  2808 | D:4      | Reached XP level 7. HP: 40/59 MP: 10/10
  3158 | D:4      | Killed a yak
  3252 | D:4      | Killed a yak
  3346 | D:4      | Killed a yak
  3347 | D:4      | Reached XP level 8. HP: 48/67 MP: 12/12
  3399 | D:4      | Killed a yak
  3431 | D:4      | HP: 4/100 [Blork the orc (2)]
  3434 | D:4      | Killed Blork the orc
  3436 | D:4      | Killed a yak
  3782 | D:5      | Reached ** piety under Lugonu
  3969 | D:5      | Reached XP level 9. HP: 72/72 MP: 14/14
  4244 | D:5      | Reached skill level 5 in Dodging
  4687 | D:6      | Found a staircase to the Ecumenical Temple.
  5054 | D:7      | Found Gaonofim's Distillery.
  5069 | D:7      | Bought a potion of heal wounds for 60 gold pieces
  5097 | D:7      | Reached XP level 10. HP: 40/80 MP: 15/17
  5097 | D:7      | Reached *** piety under Lugonu
  5175 | D:7      | Found Burienac's Distillery.
  5175 | D:7      | Found Rufyg's Antique Weapon Shoppe.
  5175 | D:7      | Found Cuol's General Store.
  5177 | D:7      | Reached skill level 5 in Short Blades
  5177 | D:7      | Reached skill level 5 in Long Blades
  5177 | D:7      | Reached skill level 5 in Maces & Flails
  5177 | D:7      | Reached skill level 5 in Polearms
  5177 | D:7      | Reached skill level 5 in Staves
  5177 | D:7      | Reached skill level 5 in Slings
  5177 | D:7      | Reached skill level 5 in Bows
  5177 | D:7      | Reached skill level 5 in Crossbows
  5177 | D:7      | Reached skill level 5 in Throwing
  5177 | D:7      | Reached skill level 5 in Stealth
  5177 | D:7      | Reached skill level 5 in Shields
  5177 | D:7      | Reached skill level 5 in Unarmed Combat
  5177 | D:7      | Reached skill level 5 in Spellcasting
  5177 | D:7      | Reached skill level 5 in Evocations
  5177 | D:7      | Found Vol Qatedu's Assorted Antiques.
  5892 | D:8      | Reached XP level 11. HP: 87/87 MP: 19/19
  5917 | D:8      | Noticed Grum
  5933 | D:8      | Reached **** piety under Lugonu
  5941 | D:8      | HP: 3/87 [Grum (13)]
  5941 | D:8      | Slain by Grum

Illustrated notes

Levels and vault maps discovered:
D:1:      lightli_arrival_quake, layout_loops_ring,
          shapermc_ecumenical_altar_mp_ritualfount, serial_shops, shop, shop,
          nicolae_shop_bloodbath_and_beyond, minmay_crystal_water
D:2:      wander_river, layout_basic
D:3:      layout_loops_corners, serial_shops, shop, bh_walls_and_bars
D:4:      layout_basic, serial_shops, nicolae_shop_hallway_plus,
          uniq_blork_the_orc
D:5:      layout_basic, st_stairs_10, serial_park_tiny_2
D:6:      layout_rooms, lemuel_temple_firewalk_b, hangedman_decor_slide_cut,
          kennysheep_cross_room
D:7:      layout_gridville, nicolae_overflow_hidden_temple, serial_shops,
          nicolae_square_shop, minmay_shop_grid_forest
D:8:      erik_cavepeople, layout_basic, lair_entry_dummy, uniq_grum

Skill      XL: |  1  2  3  4  5  6  7  8  9 10 11 |
---------------+----------------------------------+-----
Short Blades   | 1 2 3 4 5 |  5.8
Long Blades    | 1 2 3 4 5 |  5.8
Maces & Flails | 1 2 3 4 5 |  5.8
Polearms       | 1 2 3 4 5 |  5.8
Staves         | 1 2 3 4 5 |  5.8
Slings         | 1 2 3 4 5 |  5.8
Bows           | 1 2 3 4 5 |  5.8
Crossbows      | 1 2 3 4 5 |  5.8
Throwing       | 1 2 3 4 5 |  5.8
Stealth        | 1 2 3 4 5 |  5.8
Shields        | 1 2 3 4 5 |  5.8
Unarmed Combat | 1 2 3 4 5 |  5.8
Spellcasting   | 1 2 3 4 5 |  5.8
Evocations     | 1 2 3 4 5 |  5.8
Conjurations   | 1 2 3 4 |  4.8
Hexes          | 1 2 3 4 |  4.8
Summonings     | 1 2 3 4 |  4.8
Necromancy     | 1 2 3 4 |  4.8
Translocations | 1 2 3 4 |  4.8
Transmutations | 1 2 3 4 |  4.8
Fire Magic     | 1 2 3 4 |  4.8
Ice Magic      | 1 2 3 4 |  4.8
Air Magic      | 1 2 3 4 |  4.8
Earth Magic    | 1 2 3 4 |  4.8
Poison Magic   | 1 2 3 4 |  4.8
Dodging        | 3 4 5 6 |  6.4
Invocations    | 5 6 7 8 |  8.0
Axes           | 5 6 7 |  7.5
Armour         | 5 6 7 |  7.5
Fighting       | 7 8 |  8.9

Action                   |  1- 3 |  4- 6 |  7- 9 | 10-12 || total
-------------------------+-------+-------+-------+-------++-------
Melee: Hand axe          |    93 |    77 |    62 |       ||   232
       Bite              |    12 |     9 |    22 |    13 ||    56
       Punch             |     1 |     1 |     1 |       ||     3
       Battleaxe         |       |       |   109 |   162 ||   271
Throw: Dart              |       |       |    27 |     1 ||    28
Invok: Depart the Abyss  |     1 |       |       |       ||     1
  Use: Scroll            |     5 |     3 |     6 |     3 ||    17
       Potion            |       |     1 |     4 |     1 ||     6
 Stab: Distracted        |       |       |       |     1 ||     1
Armor: Leather armour    |     9 |       |       |       ||     9
       Ring mail         |    15 |       |       |       ||    15
       Scale mail        |    17 |    22 |    54 |    51 ||   144
       Plate armour      |       |       |       |    20 ||    20
Dodge: Dodged            |    63 |    35 |   132 |   107 ||   337

Table legend: (Time is in decaauts)
 A = Elapsed time spent in this place.
 B = Non-inter-level travel time spent in this place.
 C = Inter-level travel time spent in this place.
 D = Time resting spent in this place.
 E = Time spent auto-exploring this place.
 F = Levels seen in this place.
 G = Mean time per level.
                   A        B        C        D        E       F      G
               +--------+--------+--------+--------+--------+-----+--------+
         Total |   6077 |   5822 |    255 |    307 |   3884 |   9 |  675.2 |
       Dungeon |   6076 |   5821 |    255 |    307 |   3884 |   8 |  759.5 |
         Abyss |      1 |      1 |      0 |      0 |      0 |   1 |    1.0 |
               +--------+--------+--------+--------+--------+-----+--------+

Top non-repeatable levels by time:
     D:4: 1288 daAuts
     D:1: 1103 daAuts
     D:3: 923 daAuts
     D:7: 781 daAuts
     D:5: 654 daAuts
     D:6: 599 daAuts
     D:2: 468 daAuts
     D:8: 255 daAuts
 Abyss:1: 1 daAuts
